 Dungeon Crawl Stone Soup version 0.18.1-50-g88ac8fd (webtiles) character file.

6254 Mesmaeker13 the Thaumaturge (level 10, -6/88 HPs)
             Began as a Mottled Draconian Wizard on Oct 24, 2016.
             Was an Initiate of Sif Muna.
             Killed from afar by Harold (29 damage)
             ... with a bolt of fire
             ... on level 10 of the Dungeon.
             The game lasted 00:39:39 (11771 turns).

Mesmaeker13 the Thaumaturge (DrWz)                 Turns: 11771, Time: 00:39:39

Health: -6/88      AC:  8    Str: 12    XL:     10   Next: 62%
Magic:  19/22      EV:  9    Int: 21    God:    Sif Muna [......]
Gold:   564        SH:  0    Dex: 10    Spells: 4 memorised, 16 levels left

rFire  . . .     SeeInvis .     j - +2 war axe of the Omega Point {chop, *Drain +Rage rC+ Str+2}
rCold  + . .     Gourm    .     (armour unavailable)
rNeg   . . .     Faith    .     (no shield)
rPois  +         Spirit   .     a - +0 hat
rElec  .         Dismiss  .     (no cloak)
rCorr  .         Reflect  .     y - +0 pair of gloves
SustAt .         Harm     .     (no boots)
MR     .....                    f - amulet of regeneration
Stlth  ++........               n - ring of poison resistance
                                h - ring of wizardry

@: not resistant to hostile enchantments, unstealthy
A: breathe sticky flame splash, unfitting armour, cold-blooded, AC +7
a: Breathe Sticky Flame, Renounce Religion, Evoke Berserk Rage


You were on level 10 of the Dungeon.
You worshipped Sif Muna.
Sif Muna was noncommittal.
You were hungry.

You visited 2 branches of the dungeon, and saw 11 of its levels.
You also visited: Sewer.

You collected 564 gold pieces.

Inventory:

Hand Weapons
 j - the +2 war axe of the Omega Point (weapon) {chop, *Drain +Rage rC+ Str+2}
   (You found it on level 9 of the Dungeon)

   It inflicts extra damage upon your enemies.
   It affects your strength (+2).
   It protects you from cold.
   It lets you go berserk.
   It causes draining when unequipped.
Armour
 a - a +0 hat (worn)
 y - a +0 pair of gloves (worn)
 S - a +2 shield
Jewellery
 f - an amulet of regeneration (around neck)
 h - a ring of wizardry (left hand)
 n - a ring of poison resistance (right hand)
 A - an uncursed ring of fire
Scrolls
 e - a scroll of recharging {unknown}
 g - 3 scrolls of random uselessness {unknown}
 i - 3 scrolls of remove curse
 k - 2 scrolls of magic mapping
 l - 2 scrolls of fog {unknown}
 t - 3 scrolls of enchant weapon
 x - 5 scrolls of teleportation
 z - 4 scrolls of amnesia
 B - 6 scrolls of identify
 C - a scroll of vulnerability {unknown}
 E - 2 scrolls of immolation {unknown}
 H - 3 scrolls of summoning
 I - a scroll of fear {unknown}
 J - 2 scrolls of enchant armour {unknown}
Potions
 m - a potion of ambrosia {unknown}
 o - a potion of curing
 p - a potion of experience {unknown}
 q - 2 potions of brilliance
 r - a potion of berserk rage
 s - 5 potions of lignification
 u - a potion of might
 D - 3 potions of haste
 G - a potion of resistance {unknown}
 K - a potion of agility
 N - 2 potions of degeneration
 P - a potion of flight {unknown}
Books
 b - a book of Minor Magic

   Spells                             Type                      Level
   a - Magic Dart                     Conjuration                  1
   b - Blink                          Translocation                2
   c - Call Imp                       Summoning                    2
   d - Repel Missiles                 Charms/Air                   2
   e - Slow                           Hexes                        2
   f - Conjure Flame                  Conjuration/Fire             3
   g - Mephitic Cloud                 Conjuration/Poison/Air       3
 v - a book of Battle

   Spells                             Type                      Level
   a - Infusion                       Charms                       1
   b - Shroud of Golubria             Charms/Translocation         2
   c - Song of Slaying                Charms                       2
   d - Spectral Weapon                Hexes/Charms                 3
   e - Regeneration                   Charms/Necromancy            3
 w - a book of Debilitation

   Spells                             Type                      Level
   a - Corona                         Hexes                        1
   b - Slow                           Hexes                        2
   c - Gell's Gravitas                Hexes/Translocation          3
   d - Inner Flame                    Hexes/Fire                   3
   e - Cause Fear                     Hexes                        4
   f - Leda's Liquefaction            Hexes/Earth                  4
Comestibles
 c - 8 bread rations
 d - 6 meat rations
 O - 3 beef jerkies
 Q - 7 slices of pizza


   Skills:
 + Level 7.9 Fighting
 + Level 3.4 Axes
 + Level 6.0 Dodging
 - Level 1.7 Stealth
 + Level 3.4 Shields
 - Level 8.2 Spellcasting
 - Level 5.4 Conjurations
 + Level 0.3 Charms
   Level 1.0 Summonings
 - Level 1.0 Translocations
 - Level 7.0 Fire Magic


You had 16 spell levels left.
You knew the following spells:

 Your Spells              Type           Power        Failure   Level  Hunger
a - Magic Dart            Conj           ####         1%          1    None
b - Mephitic Cloud        Conj/Pois/Air  ###.....     6%          3    None
c - Conjure Flame         Conj/Fire      ####....     1%          3    None
d - Shroud of Golubria    Chrm/Tloc      ##........   4%          2    None


Dungeon Overview and Level Annotations

Branches:
Dungeon (10/15)            Temple (1/1) D:6            Lair (0/8) D:10
    Orc: D:9-12

Altars:
Ashenzari
Cheibriados
Dithmenos
Elyvilon
Fedhas
Gozag
Kikubaaqudgha
Makhleb
Nemelex Xobeh
Okawaru
Pakellas
Qazlal
Ru
Sif Muna
Trog
Vehumet
Xom
Yredelemnul
Zin
The Shining One

Shops:
D:4 %   D:8 (

Annotations:
D:10 Harold


Innate Abilities, Weirdness & Mutations

You can spit globs of burning liquid.
You can ignite nearby creatures when you spit burning liquid.
Your weird mottled scales are hard (AC +7).
Your body does not fit into most forms of armour.
You are cold-blooded and may be slowed by cold attacks.


Message History

The bolt of fire hits you! The quokka misses you.
Harold gestures at you while chanting. The bolt of fire hits you!
Found a stone staircase leading down.
You barely miss the quokka. The quokka completely misses you.
Harold hits you from afar with a trident.
You miss the quokka. The quokka misses you.
Harold gestures at you while chanting. The bolt of fire hits you!
The quokka bites you. The quokka barely misses you.
Harold hits you from afar with a trident!
* * * LOW HITPOINT WARNING * * *
There is a staircase to the Lair here.
The quokka bites you but does no damage.
Harold points at you and mumbles some strange words.
The bolt of fire hits the quokka.
The quokka dies!
Helpless, you fail to dodge the bolt of fire.
You die...

#>.......#
#........#
#........#
#........ ......#
### ....###..#
#..##...#
###@.#{...##
#@.....)...#
.#...#......#
#......(....$#
###..........#
###.......##
##.$.....#
#........# #
##.......########
##......##......


You could see Harold.

Vanquished Creatures
  Joseph (D:7)
  A troll (D:9)
  11 yaks (D:9)
  A human (D:7)
  Edmund (D:6)
  A water moccasin (D:8)
  3 orc warriors
  3 sky beasts
  Purgy (Sewer)
  A black bear (D:7)
  An ice beast (D:8)
  A phantom (D:8)
  4 ogres
  3 centaurs
  A necrophage (D:5)
  5 giant frogs
  3 scorpions
  14 killer bees
  A crimson imp (D:9)
  2 centaur zombies
  A giant frog zombie (D:5)
  2 jellies
  6 hounds
  7 orc priests
  2 centaur skeletons
  A giant frog skeleton (D:5)
  10 orc wizards
  A gnoll shaman (D:7)
  2 iguanas
  5 worker ants
  4 sheep (D:7)
  A hound skeleton (D:4)
  A worker ant zombie (D:9)
  9 gnolls
  A howler monkey skeleton (D:4)
  13 adders
  A river rat (D:6)
  A shadow imp (D:8)
  2 oozes
  An adder skeleton (D:4)
  2 worms
  2 dart slugs (D:1)
  7 giant geckos
  45 orcs
  13 bats
  8 giant cockroaches
  7 goblins
  11 hobgoblins
  12 jackals
  5 quokkas
  7 giant newts
  13 kobolds
  A quokka skeleton (D:5)
  A quokka zombie (D:5)
  4 rats
  2 plants (D:9)
270 creatures vanquished.

Vanquished Creatures (collateral kills)
  A gnoll (D:6)
1 creature vanquished.

Vanquished Creatures (others)
  A quokka (D:10)
1 creature vanquished.

Grand Total: 272 creatures vanquished

Notes
Turn   | Place    | Note
--------------------------------------------------------------
     0 | D:1      | Mesmaeker13 the Draconian Wizard began the quest for the Orb.
     0 | D:1      | Reached XP level 1. HP: 14/14 MP: 4/4
   796 | D:1      | Reached XP level 2. HP: 20/20 MP: 4/6
  1260 | D:1      | Reached XP level 3. HP: 26/26 MP: 8/8
  1452 | D:2      | Learned a level 3 spell: Mephitic Cloud
  2210 | D:3      | Reached XP level 4. HP: 25/33 MP: 4/9
  2305 | D:3      | Reached skill level 4 in Spellcasting
  2434 | D:3      | Reached XP level 5. HP: 38/38 MP: 0/11
  3200 | D:4      | Noticed an ogre
  3339 | D:4      | Noticed an ogre
  3355 | D:4      | Killed an ogre
  3355 | D:4      | Reached XP level 6. HP: 26/45 MP: 6/13
  3617 | D:3      | Reached skill level 5 in Spellcasting
  3851 | D:4      | Found Zumonus's Food Shoppe.
  3923 | D:4      | Reached skill level 5 in Conjurations
  4132 | D:4      | Your scales start taking on a weird mottled colour.
  4132 | D:4      | Reached XP level 7. HP: 36/50 MP: 6/15
  4325 | D:4      | Learned a level 3 spell: Conjure Flame
  4469 | D:5      | Entered Level 5 of the Dungeon
  4502 | D:5      | Found a burning altar of Makhleb.
  4750 | D:5      | Reached skill level 1 in Fighting
  4750 | D:5      | Reached skill level 1 in Fire Magic
  4924 | D:5      | Reached skill level 6 in Spellcasting
  5650 | D:5      | Reached XP level 8. HP: 55/60 MP: 17/17
  6019 | D:6      | Found an iron altar of Okawaru.
  6059 | D:6      | Found a glowing drain.
  6063 | Sewer    | Entered a sewer
  6125 | Sewer    | Noticed Purgy
  6147 | Sewer    | Killed Purgy
  6289 | D:6      | Noticed Edmund
  6591 | D:6      | Found a staircase to the Ecumenical Temple.
  6864 | D:6      | Reached skill level 7 in Spellcasting
  6874 | D:6      | Killed Edmund
  6927 | Temple   | Entered the Ecumenical Temple
  7536 | D:7      | Reached skill level 5 in Fire Magic
  7554 | D:7      | Reached XP level 9. HP: 71/71 MP: 6/19
  7557 | D:7      | Reached skill level 5 in Fighting
  8170 | D:7      | Noticed Joseph
  8214 | D:7      | Killed Joseph
  9636 | D:8      | Found Bowkya Mifu's Antique Weapon Emporium.
  9750 | D:8      | Reached skill level 8 in Spellcasting
  9964 | D:8      | Reached skill level 5 in Dodging
 10470 | D:9      | Reached XP level 10. HP: 73/84 MP: 11/22
 10607 | D:9      | Got a crude war axe
 10608 | D:9      | Identified the +2 war axe of the Omega Point {chop, *Drain +Rage rC+ Str+2} (You found it on level 9 of the Dungeon)
 10634 | D:9      | Reached skill level 1 in Axes
 10634 | D:9      | Reached skill level 1 in Shields
 10982 | D:9      | Found a deep blue altar of Sif Muna.
 11011 | D:9      | Found a blossoming altar of Fedhas.
 11011 | D:9      | Found an opulent altar of Gozag.
 11043 | D:9      | Became a worshipper of Sif Muna the Loreminder
 11222 | D:9      | Found a blossoming altar of Fedhas.
 11325 | D:9      | Learned a level 2 spell: Shroud of Golubria
 11573 | D:9      | Found a bloodstained altar of Trog.
 11724 | D:10     | Entered Level 10 of the Dungeon
 11753 | D:10     | Found a staircase to the Lair.
 11761 | D:10     | Noticed Harold
 11771 | D:10     | Killed from afar by Harold

Skill      XL: |  1  2  3  4  5  6  7  8  9 10 |
---------------+-------------------------------+-----
Conjurations   | 2 3 4 5 |  5.4
Spellcasting   | 4 5 6 7 8 |  8.2
Fighting       | 2 4 6 7 |  7.9
Fire Magic     | 3 5 7 |  7.0
Dodging        | 3 5 6 |  6.0
Axes           | 3 |  3.4
Shields        | 3 |  3.4
Stealth        | |  1.7
Charms         | |  0.3
Summonings     | |  1.0
Translocations | |  1.0

Action                   |  1- 3 |  4- 6 |  7- 9 | 10-12 || total
-------------------------+-------+-------+-------+-------++-------
Melee: Dagger            |   113 |   207 |   159 |    17 ||   496
       Tailslap          |     8 |    25 |    42 |    14 ||    89
       Hand axe          |       |       |   209 |       ||   209
       Quarterstaff      |       |       |    97 |       ||    97
       War axe           |       |       |       |   121 ||   121
 Fire: Blowgun           |       |       |     5 |       ||     5
 Cast: Magic Dart        |    45 |    45 |    38 |     8 ||   136
       Mephitic Cloud    |     2 |    18 |    63 |    16 ||    99
       Conjure Flame     |       |       |     9 |     4 ||    13
 Abil: Breathe Sticky Fl |       |       |     7 |     2 ||     9
Evoke: Wand              |       |       |     2 |       ||     2
  Use: Scroll            |       |     5 |     5 |     1 ||    11
       Potion            |       |       |     8 |       ||     8
 Stab: Sleeping          |       |     1 |       |     2 ||     3
       Confused          |       |     1 |    10 |     3 ||    14
  Eat: Chunk             |     4 |     7 |    14 |     4 ||    29
       Meat ration       |       |       |     2 |       ||     2
Armor: Skin              |    45 |   101 |   150 |    41 ||   337
Dodge: Dodged            |    83 |   208 |   296 |   115 ||   702
